 Dungeon Crawl Stone Soup version 0.26-a0-712-ga5a9c9c9d0 (webtiles) character file.

Game seed: 2008395567410139602

88 raph the Conjurer (level 4, -5/24 HPs)
             Began as a Tengu Conjurer on Nov 8, 2020.
             Slain by an ogre
             ... wielding a +0 giant club
              (18 damage)
             ... on level 2 of the Dungeon.
             The game lasted 00:04:49 (2328 turns).

raph the Conjurer (Tengu Conjurer)                  Turns: 2328, Time: 00:04:50

Health: -5/24      AC:  2    Str:  7    XL:     4   Next: 53%
Magic:  3/9        EV: 12    Int: 19    God:
Gold:   21         SH:  0    Dex: 13    Spells: 2/8 levels left

rFire    . . .     SeeInvis .   m - +2 dagger (venom)
rCold    . . .     Faith    +   (no shield)
rNeg     . . .     Spirit   .   a - +0 robe
rPois    .         Reflect  .   (helmet restricted)
rElec    .         Harm     .   (no cloak)
rCorr    .         Rampage  .   (no gloves)
MR       .....                  (boots unavailable)
Stlth    ++........             g - amulet of faith
HPRegen  0.08/turn              (no ring)
MPRegen  0.11/turn              (no ring)

@: very slightly contaminated
A: beak, talons 3
a: no special abilities


You were on level 2 of the Dungeon.
You visited 1 branch of the dungeon, and saw 3 of its levels.

You collected 21 gold pieces.

Inventory:

Hand Weapons
 c - a +0 mace
 j - a +1 dagger of venom
 m - a +2 dagger of venom (weapon)
Missiles
 f - 10 boomerangs (quivered)
Armour
 a - a +0 robe (worn)
Jewellery
 g - an amulet of faith (around neck)
Scrolls
 b - 2 scrolls of immolation {unknown}
 d - a scroll of fog {unknown}
 e - a scroll of noise {unknown}
 k - 4 scrolls of identify {unknown}
 n - a scroll of amnesia {unknown}
Potions
 h - a potion of haste {unknown}
 i - a potion of heal wounds {unknown}
 l - a potion of berserk rage {unknown}


   Skills:
 - Level 2.1 Dodging
 - Level 2.0 Stealth
 + Level 2.8 Spellcasting
 * Level 6.8 Conjurations
 + Level 0.7 Hexes


You had 2 spell levels left.
You knew the following spells:

 Your Spells              Type           Power        Failure   Level
a - Magic Dart            Conj           ####         1%          1
b - Searing Ray           Conj           ####..       1%          2
c - Dazzling Flash        Conj/Hex       ###...       10%         3

Your spell library contained the following spells:

 Spells                   Type           Power        Failure   Level
 Fulminant Prism          Conj/Hex       ###.......   32%         4
 Iskenderun's Mystic Bla  Conj/Tloc      ###.....     36%         4


Dungeon Overview and Level Annotations

Branches:
Dungeon (3/15)

Altars:

Annotations:
D:3 Terence


Innate Abilities, Weirdness & Mutations

You have a beak for a mouth.
You have claws for feet.


Message History

Terence shouts!
The ogre shouts!
Found a scroll labeled TAREET MIETSUE.
There is a stone staircase leading up here.
Terence bares his teeth.
The ogre completely misses you.
You climb upwards.
There is a stone staircase leading down here.
Casting: Searing Ray (safe; 1% risk of failure)
Confirm with . or Enter, or press ? or * to list all spells.
The spell is quite dangerous to cast (10% risk of failure)!
Continue anyway?
You miscast Dazzling Flash.
You are very lightly contaminated with residual magic.
Nothing appears to happen.
The ogre hits you with a +0 giant club!
Casting: Dazzling Flash (quite dangerous; 10% risk of failure)
Confirm with . or Enter, or press ? or * to list all spells.
The spell is quite dangerous to cast (10% risk of failure)!
Continue anyway?
The ogre is dazzled.
The ogre hits you with a +0 giant club!!
Ouch! That really hurt!
You die...

###..............#.......#...####
###......#####.#>.##...........
#.#................#)#...####
#.#.#.............(..#...#
#.#.#.######.#..###.##[..####
#.#.#.# #.#..# #.##.......
#####)#.#.# #.#..# #.##...####
......#.#.# #O#..###.##...#
####..#.#.# #@#...........#
..##..#.#.# #.#....>......#
#.##..#.#.# #.######(###.##
#.##.##.).## #.## #.# #.#
#.##.#.....# #..# #.# #.#
...........# #..# #.# #.#
.....#.....# #..# #.# #.#
#.##.##...## #..# #.# #.#
#.##.#....######..#####.###.#


You could see an ogre (blind).

Vanquished Creatures
  2 adders (D:2)
  An ooze (D:2)
  2 worms (D:2)
  4 dart slugs
  A ball python (D:2)
  3 giant cockroaches
  6 goblins
  8 hobgoblins
  4 jackals (D:2)
  6 kobolds
  4 bats
  3 frilled lizards
  6 rats
50 creatures vanquished.

Notes
Turn   | Place    | Note
-------+----------+-------------------------------------------
     0 | D:1      | raph the Tengu Conjurer began the quest for the Orb.
     0 | D:1      | Reached XP level 1. HP: 10/10 MP: 4/4
   230 | D:1      | Reached XP level 2. HP: 11/15 MP: 1/6
   297 | D:1      | Learned a level 2 spell: Searing Ray
   509 | D:1      | Reached skill level 6 in Conjurations
   689 | D:1      | Reached XP level 3. HP: 19/19 MP: 4/7
   726 | D:1      | Learned a level 3 spell: Dazzling Flash
  1242 | D:2      | Reached XP level 4. HP: 24/24 MP: 0/8
  2317 | D:3      | Noticed Terence
  2317 | D:3      | Noticed an ogre
  2328 | D:2      | Slain by an ogre

Illustrated notes

Levels and vault maps discovered:
D:1:      ncdulo_smallfort, layout_rooms
D:2:      layout_loops_ring
D:3:      layout_rooms, uniq_terence

Skill      XL: |  1  2 |
---------------+-------+-----
Conjurations   | 6 |  6.8
Dodging        | |  2.1
Stealth        | |  2.0
Spellcasting   | |  2.8
Hexes          | |  0.7

Action                   |  1- 3 |  4- 6 || total
-------------------------+-------+-------++-------
Melee: Mace              |     2 |       ||     2
       Kick              |     4 |     3 ||     7
       Dagger            |    11 |    16 ||    27
       Peck              |     1 |     2 ||     3
 Cast: Magic Dart        |    35 |     9 ||    44
       Searing Ray       |     9 |     6 ||    15
       Dazzling Flash    |       |     1 ||     1
Armor: Robe              |       |     2 ||     2
Dodge: Dodged            |    10 |    17 ||    27

Table legend: (Time is in decaauts)
 A = Elapsed time spent in this place.
 B = Non-inter-level travel time spent in this place.
 C = Inter-level travel time spent in this place.
 D = Time resting spent in this place.
 E = Time spent auto-exploring this place.
 F = Levels seen in this place.
 G = Mean time per level.
                   A        B        C        D        E       F      G
               +--------+--------+--------+--------+--------+-----+--------+
         Total |   2327 |   2304 |     23 |   1320 |    661 |   3 |  775.7 |
       Dungeon |   2327 |   2304 |     23 |   1320 |    661 |   3 |  775.7 |
               +--------+--------+--------+--------+--------+-----+--------+

Top non-repeatable levels by time:
     D:2: 1500 daAuts
     D:1: 825 daAuts
     D:3: 1 daAuts
